 Dungeon Crawl Stone Soup version 0.25-a0-353-ged6d54792d (webtiles) character file.

Game seed: 15230958167988719813, levelgen mode: deterministic

277 BritishOli the Slasher (level 6, 0/47 HPs)
             Began as a Demonspawn Gladiator on Jan 2, 2020.
             Slain by Grinder (8 damage)
             ... on level 3 of the Dungeon.
             The game lasted 00:03:11 (2195 turns).

BritishOli the Slasher (Demonspawn Gladiator)       Turns: 2195, Time: 00:03:11

Health: 0/47       AC:  6    Str: 16    XL:     6   Next: 4%
Magic:  6/6        EV: 13    Int: 10    God:
Gold:   140        SH:  0    Dex: 14    Spells: 5/5 levels left

rFire    . . .     SeeInvis .   a - +0 long sword
rCold    . . .     Gourm    .   (no shield)
rNeg     . . .     Faith    .   b - +0 leather armour
rPois    .         Spirit   .   c - +0 helmet
rElec    .         Reflect  .   (no cloak)
rCorr    .         Harm     .   (no gloves)
MR       .....     Rnd*Tele +   (no boots)
Stlth    +.........             (no amulet)
HPRegen  0.15/turn              j - ring of teleportation (curse)
MPRegen  0.10/turn              (no ring)

@: no status effects
A: claws 1, yellow scales 1, demonic guardian 1
a: no special abilities


You were on level 3 of the Dungeon.
You were not hungry.

You visited 1 branch of the dungeon, and saw 3 of its levels.

You collected 140 gold pieces.

Inventory:

Hand Weapons
 a - a +0 long sword (weapon)
Armour
 b - a +0 leather armour (worn)
 c - a +0 helmet (worn)
Jewellery
 j - a cursed ring of teleportation (left claw)
Scrolls
 g - 4 scrolls of noise {unknown}
 h - a scroll of identify {unknown}
 i - a scroll of random uselessness {unknown}
 k - 4 scrolls of remove curse {unknown}
 l - a scroll of teleportation {unknown}
 o - 2 scrolls of immolation {unknown}
 p - a scroll of enchant armour {unknown}
 q - a scroll of fog {unknown}
Potions
 e - a potion of brilliance {unknown}
 m - a potion of heal wounds {unknown}
 n - a potion of flight
Comestibles
 f - 4 rations


   Skills:
 + Level 3.5 Fighting
 * Level 3.9 Long Blades
 - Level 3.1 Throwing
 + Level 0.1 Armour
 + Level 3.8 Dodging


You had 5 spell levels left.
You didn't know any spells.
Your spell library was empty.

Dungeon Overview and Level Annotations

Branches:
Dungeon (3/15)

Altars:
Cheibriados
Trog
Uskayaw
Zin

Annotations:
D:3 Grinder


Innate Abilities, Weirdness & Mutations

You have sharp fingernails.
You are partially covered in yellow scales. (AC +2)
A weak demonic guardian rushes to your aid.


Message History

You resist with significant effort.
Your quasit bites Grinder but does no damage.
Your quasit claws Grinder but does no damage.
Your quasit misses Grinder. Grinder hits you.
* * * LOW HITPOINT WARNING * * *
You writhe in agony.
* * * LOW HITPOINT WARNING * * *
Your quasit bites Grinder.
Your quasit completely misses Grinder.
Your quasit claws Grinder.
Your quasit bites Grinder but does no damage.
Your quasit claws Grinder but does no damage.
Your quasit misses Grinder. Grinder hits you but does no damage.
You can move again.
You slash Grinder!
Grinder is severely wounded.
Your quasit misses Grinder.
Your quasit barely misses Grinder.
Your quasit claws Grinder but does no damage.
Grinder hits you!
You die...

.....#######
#####..........
.......##...#
.....##...#
#..##รท..#####
#....(.......
#.##5#.###.##
##.##5#.### #
##...#@....#
#..<...###.#
#......# ..
#......# ..
##...#... ...
#######... #...
##.


You could see Grinder and a friendly quasit.

Vanquished Creatures
  Sigmund (D:2)
  A gnoll (D:1)
  4 adders
  3 worms (D:2)
  4 dart slugs (D:2)
  2 leopard geckos
  A ball python (D:2)
  5 bats
  4 giant cockroaches
  8 goblins
  3 hobgoblins (D:1)
  5 jackals
  2 frilled lizards (D:1)
  8 kobolds
  10 rats
61 creatures vanquished.

Notes
Turn   | Place    | Note
-------+----------+-------------------------------------------
     0 | D:1      | BritishOli the Demonspawn Gladiator began the quest for the
                  | Orb.
     0 | D:1      | Reached XP level 1. HP: 16/16 MP: 1/1
   119 | D:1      | Gained mutation: You are partially covered in yellow
                  | scales. (AC +2) [demonic ancestry]
   119 | D:1      | Reached XP level 2. HP: 22/22 MP: 2/2
   401 | D:1      | Reached XP level 3. HP: 28/28 MP: 3/3
   633 | D:2      | Found a bloodstained altar of Trog.
  1141 | D:2      | Gained mutation: You have sharp fingernails. [demonic
                  | ancestry]
  1141 | D:2      | Reached XP level 4. HP: 34/34 MP: 4/4
  1229 | D:2      | Found a glowing silver altar of Zin.
  1421 | D:2      | Noticed Sigmund
  1422 | D:2      | Found a snail-covered altar of Cheibriados.
  1425 | D:2      | Found a hide-covered altar of Uskayaw.
  1434 | D:2      | Killed Sigmund
  1434 | D:2      | Reached XP level 5. HP: 17/41 MP: 5/5
  1845 | D:3      | Noticed Grinder
  1865 | D:3      | Gained mutation: A weak demonic guardian rushes to your
                  | aid. [demonic ancestry]
  1865 | D:3      | Reached XP level 6. HP: 4/47 MP: 6/6
  1866 | D:3      | HP: 2/47 [leopard gecko (2)]
  1872 | D:3      | HP: 1/47 [poisoned by an adder]
  2188 | D:3      | Paralysed by Grinder for 7 turns
  2195 | D:3      | Slain by Grinder

Levels and vault maps discovered:
D:1:      shiori_arrival_oz, layout_basic
D:2:      layout_basic, zin_treasury, minitemple, bloody_trog, uniq_sigmund
D:3:      layout_loops_ring, uniq_grinder

Skill      XL: |  1  2  3  4 |
---------------+-------------+-----
Throwing       | 2 3 |  3.1
Long Blades    | 3 |  3.9
Dodging        | 3 |  3.8
Fighting       | 3 |  3.5
Armour         | |  0.1

Action                   |  1- 3 |  4- 6 || total
-------------------------+-------+-------++-------
Melee: Long sword        |    99 |    66 ||   165
Throw: Throwing net      |       |     3 ||     3
  Use: Potion            |       |     1 ||     1
 Stab: Sleeping          |     2 |       ||     2
       Held in net/web   |       |     1 ||     1
  Eat: Chunk             |       |     2 ||     2
       Ration            |       |     1 ||     1
Armor: Leather armour    |    44 |    25 ||    69
Dodge: Dodged            |    70 |    62 ||   132
       Rpst.: Long sword |    20 |    21 ||    41

Table legend:
 A = Non-vault XP
 B = Vault XP
 C = Vault XP percentage of total XP
 D = Non-vault monster count
 E = Vault monster count
 F = Vault count percentage of total count
                 A         B        C        D         E       F
            +---------+---------+-------+---------+---------+-------
      Total |     173 |     224 |  56.4 |      59 |       2 |   3.3
            +---------+---------+-------+---------+---------+-------
        D:1 |      56 |       1 |   1.8 |      26 |       1 |   3.7
        D:2 |      95 |     223 |  70.1 |      28 |       1 |   3.4
        D:3 |      22 |       0 |   0.0 |       5 |       0 |   0.0
            +---------+---------+-------+---------+---------+-------
